 Dungeon Crawl Stone Soup version 0.31.0-12-g77e489cdc1 (webtiles) character file.

Game seed: 2802093867685532774

45938 spaghetti the Warrior (level 14, -3/123 HPs)
             Began as a Demonspawn Chaos Knight on Feb 26, 2024.
             Was a Plaything of Xom.
             Slain by a cane toad (6 damage)
             ... on level 5 of the Lair of Beasts.
             The game lasted 00:18:04 (13701 turns).

spaghetti the Warrior (Demonspawn Chaos Knight)    Turns: 13701, Time: 00:18:04

Health: -3/123     AC:  5    Str: 16    XL:     14   Next: 3%
Magic:  23/23      EV: 14    Int: 11    God:    Xom [*.....]
Gold:   1906       SH:  0    Dex: 15    Spells: 13/13 levels left

rFire   . .          .
                       - Unarmed
rCold   + + .        (no shield)
rNeg    . . .        a - melded +3 leather armour
rPois   .            (helmet unavailable)
rElec   .            B - +4 cloak "Syamibou" {Dex+3}
rCorr   .            (no gloves)
SInv    .            (no boots)
Will    +....        z - amulet of the acrobat
Stlth   +            D - ring of magical power
HPRegen 0.40/turn    (no ring)
MPRegen 0.18/turn

%: random rage (3%), acrobat
@: mighty, lethally poisoned (-3 -> -22), maw-form, unable to drink
A: devouring maw, horns 3, repulsion field 2, powered by pain 1, spiny 1,
augmentation 2, berserk 1, cold resistance 2, dopey 1, mutation resistance 1,
weak 1, inability to drink after injury 1, persistent drain
a: Begin Untransformation, Renounce Religion


You were on level 5 of the Lair of Beasts.
You worshipped Xom.
You were a special plaything of Xom.
You were a creature with a mouth for a stomach.
You visited 2 branches of the dungeon, and saw 15 of its levels.
You also visited: Bailey.

You collected 1906 gold pieces.

Inventory:

Hand Weapons
 l - the +6 trident of the Glamorous God {venom, *Rage Int+6}
   (You found it on level 4 of the Dungeon)

   Int+6:     It affects your intelligence (+6).
   *Rage:     It berserks you when you make melee attacks (+20% chance).
Missiles
 o - 2 curare-tipped darts
Armour
 a - a +3 leather armour (melded)
 d - a +0 helmet
 B - the +4 cloak "Syamibou" (worn) {Dex+3}
   (You found it on level 8 of the Dungeon)

   Dex+3:     It affects your dexterity (+3).
Jewellery
 g - an amulet of guardian spirit
 x - a ring of resist corrosion
 z - an amulet of the acrobat (around neck)
 D - a ring of magical power (left hand)
 E - a ring of protection from cold
 K - an amulet of magic regeneration
 M - a ring of ice
Talismans
 h - a maw talisman (active)
 I - a serpent talisman
Wands
 p - a wand of charming (30)
 s - a wand of flame (18)
 J - a wand of roots (1)
Scrolls
 j - 5 scrolls of poison
 n - 2 scrolls of immolation
 q - 3 scrolls of identify
 r - 3 scrolls of revelation
 t - 4 scrolls of vulnerability
 v - a scroll of fog
 w - 3 scrolls of amnesia
 y - a scroll of noise
 F - a scroll of enchant armour
 H - a scroll of brand weapon
 L - 2 scrolls of teleportation
Potions
 b - a potion of brilliance
 c - 8 potions of curing
 e - a potion of cancellation
 f - a potion of resistance
 i - 4 potions of enlightenment
 k - 4 potions of lignification
 m - a potion of haste
 u - a potion of might
 C - a potion of invisibility
Miscellaneous
 G - a lightning rod (4/4)


   Skills:
 - Level 15.0 Fighting
 - Level 1.7 Armour
 - Level 0.8 Dodging
 + Level 13.2 Unarmed Combat
 + Level 11.1 Shapeshifting


You had 13 spell levels left.
You didn't know any spells.
Your spell library contained the following spells:

 Spells                   Type           Power      Damage    Failure   Level
 Call Canine Familiar     Summ           0%         N/A       71%         3
 Dazzling Flash           Conj/Hex       0%         N/A       71%         3
 Sigil of Binding         Hex            0%         N/A       71%         3
 Dimensional Bullseye     Hex/Tloc       0%         N/A       98%         4
 Vhi's Electric Charge    Tloc/Air       0%         N/A       98%         4
 Irradiate                Conj/Alch      0%         3d11      100%        5
 Iskenderun's Battlesphe  Conj           0%         2d6       100%        5
 Bombard                  Conj/Erth      0%         9d1       100%        6
 Spellforged Servitor     Conj/Summ      0%         N/A       100%        7


Dungeon Overview and Level Annotations

Branches:
Dungeon (10/15)            Temple (0/1) D:6            Lair (5/5) D:10
  Swamp (0/4) Lair:2       Spider (0/4) Lair:3        Slime (0/5) Lair:4
 Bailey (visited)
    Orc: D:9-12

Altars:
Dithmenos
Makhleb
Qazlal
Ru
Sif Muna
Trog
Uskayaw
Xom
Jiyva

Shops:
D:9 *(


Innate Abilities, Weirdness & Mutations

You are a creature with a mouth for a stomach.
Your midsection houses a second, enormous mouth.
You have a pair of large horns on your head.
You are surrounded by a moderate repulsion field. (EV +3)
You sometimes gain a little power by taking damage.
You are partially covered in sharp spines.
Your magical and physical power is enhanced at high health.
You sometimes lose your temper in combat.
Your flesh is very cold resistant. (rC++)
You are dopey. (Int -2)
You are somewhat resistant to further mutation.
You are weak. (Str -2)
You occasionally lose the ability to drink potions when taking damage.
Your health recovers twice as slowly from being drained.


Message History

The eight-headed hydra bites you but does no damage.
The eight-headed hydra misses you.
The eight-headed hydra bites you but does no damage. x2
Unknown command.
You pummel the eight-headed hydra!! You bite the eight-headed hydra.
The eight-headed hydra is almost dead.
The eight-headed hydra bites you!
You focus on the pain.
You feel very mighty all of a sudden.
The eight-headed hydra bites you but does no damage.
The eight-headed hydra bites you!
* * * LOW HITPOINT WARNING * * *
The eight-headed hydra bites you.
* * * LOW HITPOINT WARNING * * *
The eight-headed hydra bites you.
* * * LOW HITPOINT WARNING * * *
The eight-headed hydra barely misses you.
The eight-headed hydra bites you!
* * * LOW HITPOINT WARNING * * *
The eight-headed hydra bites you.
* * * LOW HITPOINT WARNING * * *
Okay, then.
You cannot drink potions in your current state!
You punch the eight-headed hydra!
You devour a chunk of the eight-headed hydra!
You feel better.
You kill the eight-headed hydra!
The cane toad stings you!!
* * * LOW HITPOINT WARNING * * *
Xom thinks this is hilarious!
You are lethally poisoned!
The cane toad poisons you!
Unknown command.
Unknown command.
You punch the cane toad! x2; You bite the cane toad!
The cane toad is almost dead.
* * * LOW HITPOINT WARNING * * *
You feel very sick. The cane toad is struck by your spines.
The cane toad stings you.
You die...
Xom howls with laughter!

###...#####.#
#....#....#.#
##...#.......
##.....#......
####)...####....#
#........# .##.
##.....##.##...#
###.....#.### #
#PFW.....##
#.F$#...##
....k....##
.......##..#
.....## ...#
..... #### ....
....


You could see 2 cane toads and a rime drake.

Vanquished Creatures
  An orc warlord (Bailey)
  4 hydras
  A catoblepas (Lair:5)
  A two-headed ogre (D:8)
  A skyshark (Lair:4)
  The ghost of turdburglar the Mimic, a novice DrSh of Hepliaklqana (D:7)
  An orc knight (Bailey)
  An oklob plant (Lair:4)
  2 black mambas
  9 komodo dragons
  10 cane toads
  2 rime drakes
  3 polar bears
  2 trolls (D:9)
  A tyrant leech (Lair:2)
  A hornet (D:7)
  15 blink frogs
  3 basilisks
  20 yaks
  5 wyverns
  A fire bat (D:6)
  A steam dragon (D:9)
  A swamp worm (Lair:2)
  2 acid dragons
  The ghost of bogo the Scratcher, an amateur FeSh of Makhleb (D:7)
  10 water moccasins
  An ice beast (D:8)
  4 black bears
  11 orc warriors
  A sky beast (D:7)
  2 ogres
  18 wolves
  2 centaurs
  3 kobold brigands
  11 bullfrogs
  6 scorpions
  7 wights
  11 killer bees
  4 howler monkeys
  3 bombardier beetles
  4 orc priests
  4 hounds
  A jelly (D:7)
  A sleepcap (D:5)
  4 iguanas
  8 orc wizards
  6 gnolls (Bailey)
  9 adders
  6 ufetubi
  8 ribbon worms
  A dart slug (D:4)
  27 orcs
  5 ball pythons
  7 endoplasms
  6 giant cockroaches
  16 goblins
  14 hobgoblins
  2 quokkas
  4 bats
  3 frilled lizards
  13 kobolds
  4 rats
337 creatures vanquished.

Vanquished Creatures (collateral kills)
  Grum (D:9)
  4 orc warriors (Bailey)
  A gnoll (Bailey)
  3 goblins (Bailey)
  A hobgoblin (Bailey)
10 creatures vanquished.

Vanquished Creatures (others)
  A wolf (D:9)
1 creature vanquished.

Grand Total: 348 creatures vanquished

Notes
Turn   | Place    | Note
-------+----------+-------------------------------------------
     0 | D:1      | spaghetti the Demonspawn Chaos Knight began the quest for
                  | the Orb.
     0 | D:1      | Reached XP level 1. HP: 18/18 MP: 1/1
     1 | D:1      | XOM: divination: detect items
    22 | D:1      | XOM: silly message
   145 | D:1      | Gained mutation: You have a pair of small horns on your
                  | head. [demonic ancestry]
   145 | D:1      | Reached XP level 2. HP: 14/24 MP: 2/2
   258 | D:1      | XOM: silly message
   329 | D:1      | XOM: silly message
   502 | D:1      | XOM: silly message
   650 | D:1      | XOM: divination: detect creatures
   794 | D:2      | XOM: cloud trail
   826 | D:2      | Gained mutation: You are partially covered in sharp spines.
                  | [demonic ancestry]
   826 | D:2      | Reached XP level 3. HP: 27/29 MP: 3/3
  1178 | D:2      | XOM: silly message
  1217 | D:2      | Gained mutation: You are surrounded by a mild repulsion
                  | field. (EV +2) [demonic ancestry]
  1217 | D:2      | Reached XP level 4. HP: 33/33 MP: 4/4
  1553 | D:3      | Reached skill level 1 in Shapeshifting
  1601 | D:3      | XOM: divination: detect creatures
  1743 | D:3      | Gained mutation: You are surrounded by a moderate repulsion
                  | field. (EV +3) [demonic ancestry]
  1743 | D:3      | Reached XP level 5. HP: 16/41 MP: 5/5
  2152 | D:4      | Identified the +6 trident of the Glamorous God {venom,
                  | *Rage Int+6}
  2627 | D:4      | Noticed an ogre
  2632 | D:4      | XOM: noise
  2634 | D:4      | Killed an ogre
  2635 | D:4      | Gained mutation: You have a pair of horns on your head.
                  | [demonic ancestry]
  2635 | D:4      | Reached XP level 6. HP: 23/48 MP: 6/6
  2881 | D:5      | Entered Level 5 of the Dungeon
  2886 | D:5      | XOM: noise
  2891 | D:5      | Reached skill level 4 in Fighting
  2929 | D:5      | XOM: divination: detect items
  2944 | D:5      | XOM: 3-stop teleportation journey
  3006 | D:5      | XOM: 1-stop teleportation journey
  3015 | D:5      | XOM: summons 2 hostile shadow creatures
  3112 | D:5      | Gained mutation: You have a pair of large horns on your
                  | head. [demonic ancestry]
  3112 | D:5      | Reached XP level 7. HP: 25/55 MP: 7/7
  3129 | D:5      | XOM: 5-stop teleportation journey
  3164 | D:5      | XOM: give mutation
  3164 | D:5      | Gained mutation: You are partially covered in large bone
                  | plates. (SH +4) [Xom's mischief]
  3197 | D:5      | XOM: give mutations
  3197 | D:5      | Gained mutation: Your mind is acute. (Int +4, Str/Dex -1)
                  | [Xom's mischief]
  3197 | D:5      | Gained mutation: You have sharp toenails. [Xom's mischief]
  3197 | D:5      | Lost mutation: Your mind is acute. (Int +4, Str/Dex -1)
                  | [Xom's mischief]
  3313 | D:5      | Reached skill level 5 in Fighting
  3354 | D:5      | XOM: 5-stop teleportation journey
  3491 | D:5      | XOM: give mutations
  3491 | D:5      | Gained mutation: You sometimes lose your temper in combat.
                  | [Xom's mischief]
  3491 | D:5      | Gained mutation: You passively map a small area around you.
                  | [Xom's mischief]
  3562 | D:5      | XOM: noise
  3708 | D:5      | Got the Collected Works on Gaseous Traumaturgy
  3826 | D:5      | XOM: god gift: ring mail {god gift}
  3868 | D:5      | XOM: cloud trail
  3983 | D:6      | Found a staircase to the Ecumenical Temple.
  3997 | D:6      | Reached skill level 6 in Fighting
  4000 | D:6      | XOM: silly message
  4057 | D:6      | Gained mutation: Your magical and physical power is
                  | slightly enhanced at high health. [demonic ancestry]
  4057 | D:6      | Reached XP level 8. HP: 65/65 MP: 8/8
  4100 | D:6      | Reached skill level 5 in Shapeshifting
  4106 | D:6      | XOM: polymorph orc -> fire bat
  4107 | D:6      | XOM: cleaving
  4109 | D:6      | Reached skill level 7 in Fighting
  4251 | D:6      | XOM: noise
  4411 | D:6      | Lost mutation: You have sharp toenails. [potion of
                  | mutation]
  4411 | D:6      | Lost mutation: You are partially covered in large bone
                  | plates. (SH +4) [potion of mutation]
  4411 | D:6      | Lost mutation: You passively map a small area around you.
                  | [potion of mutation]
  4411 | D:6      | Gained mutation: You are dopey. (Int -2) [potion of
                  | mutation]
  4411 | D:6      | Gained mutation: You occasionally lose the ability to drink
                  | potions when taking damage. [potion of mutation]
  4411 | D:6      | Gained mutation: You have an uncontrollable temper. [potion
                  | of mutation]
  4411 | D:6      | Gained mutation: Your flesh is heat resistant. (rF+)
                  | [potion of mutation]
  4626 | D:7      | XOM: silly message
  4673 | D:7      | Found a hide-covered altar of Uskayaw.
  4673 | D:7      | XOM: 8-stop teleportation journey
  4743 | D:7      | Reached skill level 8 in Fighting
  4757 | D:7      | XOM: give mutations
  4757 | D:7      | Gained mutation: Your flesh is cold resistant. (rC+) [Xom's
                  | grace]
  4757 | D:7      | Gained mutation: Your flesh is very cold resistant. (rC++)
                  | [Xom's grace]
  4757 | D:7      | Gained mutation: You have large cloven feet. [Xom's grace]
  4757 | D:7      | Gained mutation: You are somewhat resistant to further
                  | mutation. [Xom's grace]
  4860 | D:7      | XOM: silly message
  4869 | D:7      | Found a runed translucent gate.
  4869 | D:7      | Found a runed translucent gate.
  4869 | D:7      | Found a runed translucent gate.
  4870 | D:7      | Noticed bogo's ghost (amateur FeSh)
  4871 | D:7      | Noticed turdburglar's ghost (novice DrSh)
  4872 | D:7      | Found a shimmering altar of Xom.
  4875 | D:7      | Found a sacrificial altar of Ru.
  5008 | D:7      | Reached XP level 9. HP: 74/74 MP: 9/9
  5195 | D:7      | Found a shimmering blue altar of Sif Muna.
  5217 | D:7      | XOM: divination: magic mapping
  5253 | D:7      | Found a bloodstained altar of Trog.
  5256 | D:7      | Found a stormy altar of Qazlal.
  5505 | D:7      | XOM: divination: magic mapping
  5643 | D:7      | Killed turdburglar's ghost
  5644 | D:7      | Reached skill level 9 in Fighting
  5644 | D:7      | Killed bogo's ghost
  5751 | D:8      | Found a flagged portal.
  5786 | Bailey   | Entered a bailey
  5838 | Bailey   | Reached skill level 10 in Fighting
  5908 | Bailey   | Reached XP level 10. HP: 85/85 MP: 10/10
  5939 | Bailey   | Noticed an orc knight
  5946 | Bailey   | Killed an orc knight
  5965 | Bailey   | XOM: enchant monster (good)
  6152 | Bailey   | XOM: summons 6 hostile demons
  6224 | Bailey   | Noticed an orc warlord
  6363 | Bailey   | Reached skill level 14 in Fighting
  6363 | Bailey   | Reached XP level 11. HP: 89/100 MP: 11/11
  6409 | Bailey   | XOM: summons friendly ufetubus
  6415 | Bailey   | XOM: enchant monster (bad)
  6421 | Bailey   | Killed an orc warlord
  6675 | D:8      | XOM: smoke on damage
  7030 | D:8      | Identified the +4 cloak "Syamibou" {Dex+3}
  7053 | D:8      | Noticed a two-headed ogre
  7060 | D:8      | Killed a two-headed ogre
  7141 | D:8      | Found a shadowy altar of Dithmenos.
  7492 | D:9      | XOM: swap monsters
  7651 | D:9      | Found Simnaom's Changing Room.
  7651 | D:9      | XOM: 2-stop teleportation journey
  7654 | D:9      | Noticed Grum
  7660 | D:9      | XOM: summons 9 friendly demons
  7670 | D:9      | Killed Grum
  7839 | D:9      | Reached skill level 15 in Fighting
  7839 | D:9      | Reached skill level 10 in Shapeshifting
  7851 | D:9      | Reached XP level 12. HP: 97/109 MP: 12/12
  7878 | D:9      | XOM: silly message
  8053 | D:9      | Found Iphorill's Weapon Shop.
  8160 | D:9      | Found a burning altar of Makhleb.
  8350 | D:10     | Entered Level 10 of the Dungeon
  8474 | D:10     | XOM: enchant monster (bad)
  8478 | D:10     | Gained mutation: You sometimes gain a little power by
                  | taking damage. [demonic ancestry]
  8478 | D:10     | Reached XP level 13. HP: 86/115 MP: 13/13
  8485 | D:10     | Found a staircase to the Lair.
  8588 | Lair:1   | Entered Level 1 of the Lair of Beasts
  8650 | Lair:1   | XOM: chaos cloud
  8655 | Lair:1   | Reached skill level 10 in Unarmed Combat
  8730 | Lair:1   | Identified the +5 battleaxe of Truth {freeze, Int+3}
  9271 | Lair:2   | XOM: repel stairs
  9447 | Lair:2   | XOM: give mutations
  9447 | Lair:2   | Lost mutation: You have large cloven feet. [Xom's mischief]
  9447 | Lair:2   | Lost mutation: Your flesh is heat resistant. (rF+) [Xom's
                  | mischief]
  9447 | Lair:2   | Gained mutation: You are weak. (Str -2) [Xom's mischief]
  9447 | Lair:2   | Gained mutation: Your health recovers twice as slowly from
                  | being drained. [Xom's mischief]
  9512 | Lair:2   | XOM: polymorph basilisk -> wolf
  9616 | Lair:2   | Found a staircase to the Swamp.
  9620 | Lair:2   | XOM: 4-stop teleportation journey
  9686 | Lair:2   | XOM: butterfly on damage
  9697 | Lair:2   | XOM: polymorph butterfly -> orc
  9730 | Lair:2   | XOM: torment (35/115 hp)
  9904 | Lair:2   | XOM: scenery: summon butterflies
 10061 | Lair:2   | Identified a scroll of acquirement
 10063 | Lair:2   | Acquired 917 gold pieces
 10757 | Lair:3   | XOM: god gift: trident {god gift}
 10765 | Lair:3   | Found a hole to the Spider Nest.
 10901 | Lair:3   | XOM: 1-stop teleportation journey
 10932 | Lair:3   | XOM: divination: detect items
 11156 | Lair:3   | XOM: summons 7 hostile demons
 11158 | Lair:3   | XOM: smoke on damage
 11854 | Lair:4   | XOM: give mutation
 11854 | Lair:4   | Lost mutation: You have an uncontrollable temper. [Xom's
                  | mischief]
 11885 | Lair:4   | XOM: 3-stop teleportation journey
 11917 | Lair:4   | XOM: silly message
 12120 | Lair:4   | XOM: enchant monster (good)
 12230 | Lair:4   | XOM: noise
 12243 | Lair:4   | Found a viscous altar of Jiyva.
 12243 | Lair:4   | Found a staircase to the Slime Pits.
 12274 | Lair:4   | XOM: 1-stop teleportation journey
 12576 | Lair:4   | Identified the +1 scale mail "Kixiow" {-Tele Rampage Str+2
                  | Dex+4}
 12654 | Lair:4   | XOM: summons 2 hostile shadow creatures
 12973 | Lair:5   | Entered Level 5 of the Lair of Beasts
 12980 | Lair:5   | XOM: snakes to sticks
 12981 | Lair:5   | XOM: enchant monster (bad)
 12986 | Lair:5   | XOM: 1-stop teleportation journey
 12994 | Lair:5   | XOM: 9-stop teleportation journey
 13548 | Lair:5   | XOM: silly message
 13693 | Lair:5   | Gained mutation: Your magical and physical power is
                  | enhanced at high health. [demonic ancestry]
 13693 | Lair:5   | Reached XP level 14. HP: 123/123 MP: 14/14
 13701 | Lair:5   | HP: 3/123 [poisoned by a cane toad]
 13701 | Lair:5   | Slain by a cane toad

Illustrated notes

Levels and vault maps discovered:
D:1:      dpeg_arrival_stonehenge_12_columns, layout_loops_ring
D:2:      layout_basic, patterned_corridor
D:3:      layout_rooms
D:4:      layout_loops_cross, nicolae_kite_square_tiling_tiny,
          solitary_fountain, chequers_serial_rivers_marsh,
          chequers_serial_rivers_micro_d, nicolae_letterblocks
          [nicolae_letter_subblock, nicolae_letter_subblock,
          nicolae_letter_subblock, nicolae_letter_subblock,
          nicolae_letter_subblock, nicolae_letter_subblock,
          nicolae_letter_subblock, nicolae_letter_subblock,
          nicolae_letter_subblock, nicolae_letter_subblock,
          nicolae_letter_subblock, nicolae_letter_subblock,
          nicolae_letter_subblock, nicolae_letter_subblock,
          nicolae_letter_subblock, nicolae_letter_subblock,
          nicolae_letter_subblock, nicolae_letter_subblock,
          nicolae_letter_subblock, nicolae_letter_subblock,
          nicolae_letter_subblock, nicolae_letter_subblock,
          nicolae_letter_subblock, nicolae_letter_subblock,
          nicolae_letter_subblock]
D:5:      layout_loops_corners
D:6:      layout_loops_ring, minmay_temple_entry_stoned_glass
D:7:      layout_basic, grunt_temple_overflow_open,
          minmay_overflow_temple_star_quad, gammafunk_ghost_cemetery
D:8:      layout_basic, lemuel_round_altar, enter_bailey_5
D:9:      layout_irregular_city, mainiacjoe_overflow_tiny_flanked,
          lightli_temple_of_fire, serial_shops,
          nicolae_shop_bloodbath_and_beyond, nicolae_transmutations_shop,
          kennysheep_nondescript, uniq_grum
D:10:     layout_basic, hellmonk_lair_entry_icy
Lair:1:   layout_chaotic_city, infiniplex_staircase_pool_2
Lair:2:   dreamdust_cave_troll, layout_misc_corridors, minmay_swamp_entry_worms,
          eino_small_chamber_without_monster, st_stairs_10
Lair:3:   layout_regular_city, nicolae_spider_entry_non_spiders
Lair:4:   layout_gridlike, slime_entry_1
Lair:5:   evilmike_catoblepas_cave, layout_hall_layers, special_room
          [special_room_mythical_zoo], st_stairs_6, grunt_megastairs_1

Skill      XL: |  1  2  3  4  5  6  7  8  9 10 11 12 13 |
---------------+----------------------------------------+-----
Unarmed Combat | 3 4 8 9 13 | 13.2
Shapeshifting  | 1 2 3 4 6 8 10 11 | 11.1
Fighting       | 4 6 8 10 14 15 | 15.0
Armour         | |  1.7
Dodging        | |  0.8

Action                     |  1- 3 |  4- 6 |  7- 9 | 10-12 | 13-15 || total
---------------------------+-------+-------+-------+-------+-------++-------
  Melee: Unarmed           |    95 |    52 |       |    17 |   285 ||   449
         Headbutt          |     7 |    19 |    21 |    23 |    37 ||   107
         Punch             |     2 |     2 |     3 |     1 |    17 ||    25
         Trident           |       |    44 |   159 |   106 |       ||   309
         Kick              |       |       |    28 |    29 |    15 ||    72
         Maw               |       |       |       |     5 |    44 ||    49
         Constrict         |       |       |       |       |    33 ||    33
  Throw: Boomerang         |       |       |    19 |    61 |    36 ||   116
    Use: Scroll            |     1 |     6 |     5 |     4 |     3 ||    19
         Potion            |     1 |       |     8 |     6 |     3 ||    18
   Stab: Confused          |       |       |       |     1 |       ||     1
         Distracted        |       |       |       |       |     1 ||     1
 Armour: Leather armour    |    41 |    33 |    85 |    79 |       ||   238
         Skin              |       |       |       |    16 |   233 ||   249
  Dodge: Dodged            |    52 |    44 |   100 |    63 |   206 ||   465
  Block: Other             |       |       |     7 |       |       ||     7
   Form: Maw               |     1 |       |       |     1 |     1 ||     3
                           |     1 |       |       |       |       ||     1
         Serpent           |       |       |       |       |     1 ||     1
